 Dungeon Crawl Stone Soup version 0.26.1-11-gd32895ea62 (webtiles) character file.

Game seed: 13781050652904258315

1513 bnorton916 the Thaumaturge (level 8, -2/45 HPs)
             Began as a Deep Elf Conjurer on July 19, 2021.
             Was an Initiate of Vehumet.
             Shot with an arrow by a centaur (11 damage)
             ... on level 6 of the Dungeon.
             The game lasted 00:11:55 (8314 turns).

bnorton916 the Thaumaturge (Deep Elf Conjurer)      Turns: 8314, Time: 00:11:56

Health: -2/45      AC:  8    Str:  1 (4)  XL:     8   Next: 53%
Magic:  22/22      EV: 27    Int: 25 (26) God:    Vehumet [......]
Gold:   220        SH:  0    Dex: 11 (13) Spells: 12/23 levels left

rFire    x . .     SeeInvis .   (no weapon)
rCold    + . .     Faith    .   (no shield)
rNeg     . . .     Spirit   .   a - +0 robe
rPois    .         Reflect  .   y - +2 helmet
rElec    .         Harm     .   b - +1 cloak
rCorr    .         Rampage  .   s - +0 pair of gloves
Will     .....                  (no boots)
Stlth    ++........             c - amulet of the acrobat
HPRegen  0.15/turn              t - ring of ice
MPRegen  0.18/turn              (no ring)

@: acrobat
A: sense surroundings 1, robust 1
a: Renounce Religion


You were on level 6 of the Dungeon.
You worshipped Vehumet.
Vehumet was noncommittal.
You visited 2 branches of the dungeon, and saw 7 of its levels.

You collected 264 gold pieces.
You spent 44 gold pieces at shops.

Inventory:

Hand Weapons
 i - a +3 whip of electrocution
Armour
 a - a +0 robe (worn)
 b - a +1 cloak (worn)
 s - a +0 pair of gloves (worn)
 y - a +2 helmet (worn)
Jewellery
 c - an amulet of the acrobat (around neck)
 t - a ring of ice (left hand)
Wands
 k - a wand of flame (21)
 p - a wand of paralysis (20)
 v - a wand of acid (10)
Scrolls
 d - 5 scrolls of remove curse
 h - a scroll of fog
 j - 4 scrolls of teleportation
 m - 2 scrolls of magic mapping
 q - a scroll of enchant weapon
 r - 2 scrolls of enchant armour
 u - a scroll of summoning {unknown}
Potions
 e - 2 potions of mutation
 f - 2 potions of curing
 g - 3 potions of lignification
 l - 2 potions of invisibility
 n - 2 potions of haste
 o - a potion of attraction
 w - a potion of heal wounds
 x - a potion of brilliance


   Skills:
 - Level 2.4 Dodging
 - Level 2.4 Stealth
 - Level 8.0 Spellcasting
 - Level 7.6 Conjurations
 + Level 6.3 Hexes
 + Level 5.2 Translocations


You had 12 spell levels left.
You knew the following spells:

 Your Spells              Type           Power        Failure   Level
a - Magic Dart            Conj           100%         1%          1
b - Searing Ray           Conj           96%          1%          2
c - Fulminant Prism       Conj/Hex       22%          3%          4
d - Iskenderun's Mystic   Conj/Tloc      42%          4%          4

Your spell library contained the following spells:

 Spells                   Type           Power        Failure   Level
 Dazzling Flash           Conj/Hex       90%          1%          3


Dungeon Overview and Level Annotations

Branches:
Dungeon (6/15)             Temple (1/1) D:4

Altars:
Ashenzari
Cheibriados
Dithmenos
Fedhas
Gozag
Hepliaklqana
Kikubaaqudgha
Makhleb
Nemelex Xobeh
Okawaru
Qazlal
Ru
Sif Muna
Trog
Uskayaw
Vehumet
Wu Jian
Xom
Yredelemnul
The Shining One

Shops:
D:5 *


Innate Abilities, Weirdness & Mutations

You passively map a small area around you.
You are robust. (+10% HP)


Message History

Aiming: Magic Dart (safe; 1% risk of failure)
Press: ? - help, Shift-Dir - straight line, f - howler monkey zombie
Aim: a howler monkey zombie (wandering, hasn't noticed you, 0% to evade)
The magic dart hits the howler monkey zombie.
The howler monkey zombie is lightly damaged.
The centaur shouts!
A bullfrog skeleton comes into view.
The centaur wields a +0 shortbow.
The centaur shoots an arrow.
The arrow hits you!
The centaur shoots an arrow.
The arrow hits you!
The centaur shoots an arrow.
The arrow misses you.
The centaur shoots an arrow.
The arrow completely misses you.
The centaur shoots an arrow.
The arrow misses you.
The centaur shoots an arrow.
The arrow hits you!
* * * LOW HITPOINT WARNING * * *
You see here 3 arrows.
The centaur shoots an arrow.
The arrow closely misses you.
You see here an arrow.
The centaur shoots an arrow.
The arrow hits you!
You die...

......# #.....# ,.c...
#.###.# ####### , ...
####.# #.# #.....# #Z#
#.##.# ### #.###.# #(#
#....# #.# #.# #.#
#(##########.###.# #.#
#................#
#Z##############.#####
#.Z....c(.(.(.@..#
##################


You could see a centaur.

Vanquished Creatures
  Sigmund (D:3)
  A water moccasin (D:5)
  3 ice beasts (D:5)
  A sky beast (D:5)
  2 ogres (D:4)
  A bullfrog (D:3)
  6 electric eels (D:5)
  3 orc priests
  A centaur skeleton (D:4)
  An iguana (D:4)
  Terence (D:3)
  An orc wizard (D:4)
  A worker ant (D:5)
  A hound skeleton (D:4)
  5 adders
  A shadow imp (D:4)
  A white imp (D:5)
  An ufetubus (D:4)
  A worm (D:3)
  3 dart slugs
  3 leopard geckos
  18 orcs
  2 ball pythons
  7 bats
  2 giant cockroaches
  11 goblins
  9 hobgoblins
  6 jackals
  A quokka (D:5)
  6 frilled lizards
  7 kobolds
  13 rats
121 creatures vanquished.

Vanquished Creatures (others)
  8 fulminant prisms (D:5)
  7 plants (D:5)
15 creatures vanquished.

Grand Total: 136 creatures vanquished

Notes
Turn   | Place    | Note
-------+----------+-------------------------------------------
     0 | D:1      | bnorton916 the Deep Elf Conjurer began the quest for the
                  | Orb.
     0 | D:1      | Reached XP level 1. HP: 10/10 MP: 6/6
   234 | D:1      | Reached XP level 2. HP: 15/15 MP: 4/8
   872 | D:1      | Reached skill level 4 in Spellcasting
   902 | D:1      | Reached skill level 5 in Conjurations
   902 | D:1      | Reached XP level 3. HP: 19/19 MP: 7/10
   905 | D:1      | Learned a level 2 spell: Searing Ray
  1679 | D:2      | Found a faded altar of an unknown god.
  1812 | D:2      | Reached XP level 4. HP: 19/24 MP: 2/12
  2592 | D:3      | Noticed Terence
  2606 | D:3      | Killed Terence
  2607 | D:3      | Reached skill level 5 in Spellcasting
  2800 | D:3      | Reached XP level 5. HP: 28/28 MP: 9/14
  2986 | D:3      | Found a sacrificial altar of Ru.
  2995 | D:3      | Gained mutation: You passively map a small area around you.
                  | [potion of mutation]
  2995 | D:3      | Gained mutation: You are robust. (+10% HP) [potion of
                  | mutation]
  3037 | D:3      | Reached skill level 6 in Spellcasting
  3468 | D:3      | Noticed Sigmund
  3518 | D:3      | Killed Sigmund
  3519 | D:3      | Reached XP level 6. HP: 26/35 MP: 13/17
  4024 | D:4      | Reached skill level 7 in Spellcasting
  4029 | D:4      | Reached XP level 7. HP: 26/39 MP: 8/19
  4045 | D:4      | Found a bloodstained altar of Trog.
  4045 | D:4      | Found a hide-covered altar of Uskayaw.
  4427 | D:4      | Found a staircase to the Ecumenical Temple.
  4432 | Temple   | Entered the Ecumenical Temple
  4526 | Temple   | Became a worshipper of Vehumet
  5390 | D:4      | Reached skill level 8 in Spellcasting
  5431 | D:4      | Learned a level 4 spell: Fulminant Prism
  5436 | D:4      | Learned a level 4 spell: Iskenderun's Mystic Blast
  5443 | D:4      | Reached skill level 1 in Hexes
  5443 | D:4      | Reached skill level 1 in Translocations
  5531 | D:5      | Entered Level 5 of the Dungeon
  5769 | D:5      | Found a shimmering blue altar of Sif Muna.
  5781 | D:5      | Found a broken altar of Ashenzari.
  5851 | D:5      | Found Noarhuon's Assorted Antiques.
  5863 | D:5      | Bought a scroll labelled ZESMAR XONWI for 22 gold pieces
  5863 | D:5      | Bought a scroll labelled YXKUSI UMICK for 22 gold pieces
  5981 | D:5      | Found a glowing golden altar of the Shining One.
  6029 | D:5      | Reached XP level 8. HP: 45/45 MP: 15/22
  6594 | D:5      | Found a snail-covered altar of Cheibriados.
  6702 | D:5      | Found an ornate altar of the Wu Jian Council.
  6703 | D:5      | Found a blossoming altar of Fedhas.
  6704 | D:5      | Found a hazy altar of Hepliaklqana.
  6706 | D:5      | Found a basalt altar of Yredelemnul.
  6795 | D:5      | Reached skill level 5 in Hexes
  7781 | D:5      | Reached skill level 5 in Translocations
  8314 | D:6      | Shot with an arrow by a centaur

Illustrated notes

Levels and vault maps discovered:
D:1:      dpeg_arrival_morbid_curiosity, layout_loops_ring, minivault_14
D:2:      layout_basic, chequers_ecumenical_altar_simple_redux
D:3:      cheibrodos_helix_gallery, layout_loops_ring, lemuel_round_altar,
          serial_glass, glass_columns_b, glass_columns_c, uniq_terence,
          uniq_sigmund
D:4:      layout_basic, gammafunk_temple_overflow_wave,
          minmay_temple_entry_statues_pillars
D:5:      cheibrodos_two_vegetables, layout_loops_ring, tso_metal_star,
          marbit_many_paths, minitemple, serial_shops, shop, chequers_arboretum,
          serial_bayou_ford_a
D:6:      layout_basic, uniq_blork_the_orc
Temple:   kb_temple_of_zot

Skill      XL: |  1  2  3  4  5  6  7  8 |
---------------+-------------------------+-----
Spellcasting   | 4 5 6 7 8 |  8.0
Conjurations   | 5 6 7 |  7.6
Hexes          | 4 6 |  6.3
Translocations | 3 5 |  5.2
Dodging        | |  2.4
Stealth        | |  2.4

Action                   |  1- 3 |  4- 6 |  7- 9 || total
-------------------------+-------+-------+-------++-------
Melee: Dagger            |       |     3 |       ||     3
 Cast: Magic Dart        |    96 |    64 |    82 ||   242
       Searing Ray       |       |     8 |    13 ||    21
       Fulminant Prism   |       |       |     8 ||     8
  Use: Scroll            |       |     9 |     5 ||    14
       Potion            |       |     4 |     1 ||     5
Armor: Robe              |     5 |       |     3 ||     8
Dodge: Dodged            |    16 |    49 |    22 ||    87
